Unix NetHack Version 5.0.0-0 post-release - last build Jun 10 2026 00:39:30 (3ee93aec679c4c4259841fe613dc97188e26a321,branch:main).

Game began 2026-07-09 18:15:27, ended 2026-07-09 19:02:42.

DrabEmordnilap, neutral male human Tourist

   ----- ---  ---- ---
   |...---.-- |..| |.---                              ---- ---
   --.......| |..|--...|                    ------    |..---.---
    |.......----.||....|               ------.|..|    |........|
    |........| |.--....|            ----..|......-- ---........--
    --.......---.......--          --.|...........| |...........|
     ---........---..-..-- ---- ---|..............---...........|
       |-........--...-..|--..| |..|..........................-----
      --...............-.|...----............--.........--....|-..|
      |.........-----...................................----.-|...--
      --......--- |..........---............---------........--....--
      --.....-- ---.........................|      |>....---........|
      |......|---.........---.....--........-----  --...---.---....--
      |.-....--..........-- |..--..|.`..........--- |-.......|--...|
      --...............---  ------................---........-------
       ---.....--....---         --..........................*.<..---------
         --...----.---            |...........--.---..|.|..------..G---...|
          -----  ---              --..|.|.--.----- ---------    --------..|
                                   -----------                         ----
DrabEmordnilap the Sightseer  St:12 Dx:8 Co:15 In:12 Wi:10 Ch:18  Neutral
Dlvl:3  $:653 HP:0(28) Pw:8(8) AC:8  Xp:3/72 T:1808 

Latest messages:
 The dart misses the gnome.
 In what direction? 4
 The dart misses the gnome.
 The gnome picks up 2 +2 darts.
 In what direction? 4
 You kill the gnome!
 There is a doorway here.
 There are several objects here.
 a - a +2 dart (at the ready) (22 in total).
 a - 2 +2 darts (at the ready) (24 in total).
 z - 3 darts.
 A - a hooded cloak.
 B - a wand of striking.
 What do you want to drink? [i or ?*] ?
 What do you want to drink? [i or ?*] i
 You feel much better.
 You descend the stairs.
 The gnome king throws 3 darts!
 The 1st dart misses Speedy Stumbles.
 You are hit by the 1st dart.
 The 2nd dart hits Speedy Stumbles.
 The 3rd dart hits Speedy Stumbles.
 The gnome wields a bow!
 The gnome king throws a dart!
 The dart misses Speedy Stumbles.
 You are hit by a dart.
 You swap places with Speedy Stumbles.
 Talk to whom? (in what direction) 7
 Speedy Stumbles purrs.
 The gnome king picks up a dart.
 What do you want to zap? [B or ?*] ?
 What do you want to zap? [B or ?*] B
 Nothing happens.
 The gnome king hits!
 The gnome king plays a horn directed at you!
 The bolt of cold misses Speedy Stumbles.
 The bolt of cold whizzes by you!
 You see here a gnome lord corpse.
 The gnome king plays a frost horn directed at you!
 Speedy Stumbles is killed by the bolt of cold!
 The bolt of cold hits you!
 You hear the howling of the CwnAnnwn...
 The gnome king plays a frost horn directed at you!
 The bolt of cold hits you!
 You die...
 Do you want your possessions identified? [ynq] (y) y
 Do you want to see your attributes? [ynq] (y) y
 Do you want an account of creatures vanquished? [ynaq] (y) y
 Do you want to see your conduct and achievements? [ynq] (y) y
 Do you want to see the dungeon overview? [ynq] (y) y

Inventory:
 Coins    ('$')
  $ - 653 gold pieces
 Weapons  (')')
  a - 24 +2 darts (at the ready)
  w - 3 +1 darts
  z - 3 +0 darts
  x - a +0 dagger
 Armor    ('[')
  y - a blessed +1 orcish helm (being worn)
  A - an uncursed +0 dwarvish cloak
  l - an uncursed +0 Hawaiian shirt with a palm tree motif (being worn)
 Comestibles  ('%')
  b - 6 uncursed food rations
  c - an uncursed fortune cookie
 Scrolls  ('?')
  k - 3 uncursed scrolls of magic mapping
 Potions  ('!')
  i - an uncursed potion of extra healing
 Wands    ('/')
  B - a wand of striking (0:0)
 Tools    ('(')
  n - an uncursed credit card
  m - an expensive camera (0:84)

DrabEmordnilap the Tourist's attributes:

Background:
 You were a Sightseer, a level 3 male human Tourist.
 You were neutral, nominally on a mission for The Lady
 who was opposed by Blind Io (lawful) and Offler (chaotic).
 You were right-handed.
 You were in the Gnomish Mines, on level 3.
 You entered the dungeon 1808 turns ago.
 You had 72 experience points, 8 more were needed to attain level 4.

Basics:
 You had 0 out of 28 hit points.
 You had all 8 energy points (spell power).
 Your armor class was 8.
 Your wallet contained 653 zorkmids.
 Autopickup was off.

Final Characteristics:
 Your strength was 12 (limit:18/100).
 Your dexterity was 8 (limit:18).
 Your constitution was 15 (limit:18).
 Your intelligence was 12 (limit:18).
 Your wisdom was 10 (limit:18).
 Your charisma was 18 (limit:18).

Final Status:
 You weren't hungry.
 You were unencumbered.
 You were bare handed.
 You were unskilled in bare handed combat.

Final Attributes:
 You were stridently aligned.
 You are dead.

Miscellaneous:
 You didn't encounter any bones levels.
 Total elapsed playing time was 28 minutes and 5 seconds.

Major events:
 Turn
    1: DrabEmordnilap the neutral male human Tourist entered the dungeon
  839: read a Discworld novel
 1097: entered the Gnomish Mines
 1760: attained the rank of Sightseer (level 3)
 1808: killed by a bolt of cold played by a gnome king

You didn't know any spells.

Skills:
 Fighting Skills
   bare handed combat [Unskilled]
   two weapon combat  [Unskilled]
   riding             [Unskilled]
 Weapon Skills
   dagger             [Unskilled]
   knife              [Unskilled]
   axe                [Unskilled]
   pick-axe           [Unskilled]
   short sword        [Unskilled]
   broadsword         [Unskilled]
   long sword         [Unskilled]
   two-handed sword   [Unskilled]
   saber              [Unskilled]
   mace               [Unskilled]
   morning star       [Unskilled]
   flail              [Unskilled]
   hammer             [Unskilled]
   quarterstaff       [Unskilled]
   polearms           [Unskilled]
   spear              [Unskilled]
   trident            [Unskilled]
   lance              [Unskilled]
   bow                [Unskilled]
   sling              [Unskilled]
   crossbow           [Unskilled]
   dart               [Basic]
   shuriken           [Unskilled]
   boomerang          [Unskilled]
   whip               [Unskilled]
   unicorn horn       [Unskilled]
 Spellcasting Skills
   divination spells  [Unskilled]
   enchantment spells [Unskilled]
   escape spells      [Unskilled]

Voluntary challenges:
 Character rerolling was not enabled.
 You were an atheist.
 You never hit with a wielded weapon.
 You never genocided any monsters.
 You never polymorphed an object.
 You never changed form.
 You used no wishes.
Achievements:
 You entered a shop.
 You read from a Discworld novel.
 You entered the Gnomish Mines.
 You attained the rank of Sightseer.

 The Dungeons of Doom: levels 1 to 4
    Level 1:
    Level 2: "temp stash"
       A scroll shop, a sink.
       Stairs down to The Gnomish Mines.
    Level 3: "hidden shop"
       Many fountains.
    Level 4:
 The Gnomish Mines:
    Level 3: <- You were here.
       Final resting place for
          you, killed by a bolt of cold played by a gnome king.


Vanquished creatures:
  a housecat
  a gnome leader
  a dwarf
  5 gnomes
  6 jackals
  a fox
  a kobold
  3 goblins
  6 grid bugs
  3 lichens
  3 kobold zombies
  3 newts
34 creatures vanquished.

No species were genocided or became extinct.

Game over:
                       ----------
                      /          \
                     /    REST    \
                    /      IN      \
                   /     PEACE      \
                  /                  \
                  |  DrabEmordnilap  |
                  |      653 Au      |
                  | killed by a bolt |
                  |  of cold played  |
                  | by a gnome king  |
                  |                  |
                  |       2026       |
                 *|     *  *  *      | *
        _________)/\\_//(\/(/\)/\//\/|_)_______

Aloha DrabEmordnilap the Tourist...

You died in The Gnomish Mines on dungeon level 3 with 676 points,
and 653 pieces of gold, after 1808 moves.
You were level 3 with a maximum of 28 hit points when you died.

